 Dungeon Crawl Stone Soup version 0.16.1-2-g95b8d4c (webtiles) character file.

611 Ladykiller69 the Shield-Bearer (level 7, -5/54 HPs)
             Began as a Formicid Fighter on Mar 25, 2015.
             Was an Initiate of Cheibriados.
             Slain by an ogre
             ... wielding a +0 giant spiked club
              (12 damage)
             ... on level 5 of the Dungeon.
             The game lasted 00:20:07 (3919 turns).

Ladykiller69 the Shield-Bearer (Formicid Fighter)   Turns: 3919, Time: 00:20:08

Health: -5/54      AC: 11    Str: 24      XL:     7   Next: 72%
Magic:  9/9        EV:  6    Int:  8      God:    Cheibriados [......]
Gold:   173        SH: 10    Dex:  6 (11) Spells: 0 memorised, 6 levels left

rFire  . . .     SeeInvis +     a - +0 war axe
rCold  . . .     Clarity  .     v - +0 plate armour
rNeg   . . .     SustAb   .     c - +0 shield
rPois  .         Gourm    .     (helmet unavailable)
rElec  .         Spirit   .     (no cloak)
rCorr  .         Warding  .     (no gloves)
rMut   .         Stasis   +     (no boots)
MR     .....                    (no amulet)
Stlth  ..........               (no ring)
                                (no ring)

@: very slow, not resistant to hostile enchantments, extremely unstealthy
A: permanent stasis, dig shafts and tunnels, four strong arms, antennae 3
a: Dig, Shaft Self, Bend Time, Renounce Religion


You were on level 5 of the Dungeon.
You worshipped Cheibriados.
Cheibriados was noncommittal.
You were not hungry.

You visited 1 branch of the dungeon, and saw 5 of its levels.

You collected 173 gold pieces.

Inventory:

Hand weapons
 a - a +0 war axe (weapon)
 k - a +0 whip of electrocution
Missiles
 h - 7 tomahawks (quivered)
Armour
 b - a +0 scale mail
 c - a +0 shield (worn)
 f - a +0 chain mail
 v - a +0 plate armour (worn)
Jewellery
 w - an uncursed amulet of rage {unknown}
Scrolls
 i - a scroll of random uselessness {unknown}
 j - a scroll of blinking {unknown}
 m - 2 scrolls of enchant weapon {unknown}
 n - a scroll of magic mapping {unknown}
 o - 2 scrolls of teleportation {unknown}
 p - a scroll of identify {unknown}
 q - a scroll of amnesia {unknown}
Potions
 e - a potion of might
 g - a potion of invisibility {unknown}
 r - a potion of degeneration {unknown}
 u - a potion of curing {unknown}
Books
 l - a book of Flames

   Spells                             Type                      Level
   a - Flame Tongue                   Conjuration/Fire             1
   b - Throw Flame                    Conjuration/Fire             2
   c - Conjure Flame                  Conjuration/Fire             3
   d - Inner Flame                    Hexes/Fire                   3
   e - Sticky Flame                   Conjuration/Fire             4
   f - Fireball                       Conjuration/Fire             5
 t - a book of Party Tricks

   Spells                             Type                      Level
   a - Summon Butterflies             Summoning                    1
   b - Apportation                    Translocation                1
   c - Tukima's Dance                 Hexes                        3
   d - Alistair's Intoxication        Transmutation/Poison         4
   e - Invisibility                   Hexes                        6
Comestibles
 d - a bread ration
 s - 3 chunks of flesh


   Skills:
 - Level 4.0 Fighting
 + Level 4.8 Axes
 - Level 4.0 Armour
 * Level 7.6 Shields


You had 6 spell levels left.
You didn't know any spells.

Dungeon Overview and Level Annotations

Branches:
Dungeon (5/15)
 Temple: D:4-7

Altars:
Cheibriados
Gozag
Qazlal
Ru
Trog
Vehumet

Annotations:
D:4 Blork the orc
D:5 Dowan, Duvessa


Innate Abilities, Weirdness & Mutations

You are under a permanent stasis effect.
You can dig through walls and to a lower floor.
Your four strong arms can wield two-handed weapons with a shield.
You have a pair of large antennae on your head (SInv).


Message History

The ogre is heavily wounded.
The ogre hits you but does no damage.
You hit the ogre.
The ogre is heavily wounded.
The ogre hits you with a giant spiked club!
* * * LOW HITPOINT WARNING * * *
Quiver which item? (- for none, * to show all) (? for menu, Esc to quit)
Okay, then.
Drink which item? (? for menu, Esc to quit)
Okay, then.
You hit the ogre but do no damage.
The ogre is heavily wounded.
The ogre hits you with a giant spiked club.
* * * LOW HITPOINT WARNING * * *
You hit the ogre.
The ogre is severely wounded.
You hit the ogre.
The ogre is severely wounded.
The ogre hits you with a giant spiked club!
You die...

#####
#...####
##.....#
##O@..#######
####.......#
##...##... {
###.# #.# #..
.... ####. .#


You could see an ogre.

Vanquished Creatures
  A scorpion (D:4)
  A quasit (D:3)
  An orc priest (D:4)
  A giant frog skeleton (D:4)
  A hound (D:4)
  2 worker ants (D:4)
  An iguana (D:4)
  3 orc wizards (D:4)
  4 gnolls (D:4)
  10 adders
  A giant mite (D:3)
  5 worms
  An adder skeleton (D:5)
  An adder zombie (D:5)
  The ghost of Zigurun the Chucker, a weakling TrHu (D:3)
  6 giant geckos
  An ooze (D:1)
  15 orcs
  A ball python (D:3)
  5 bats
  2 giant cockroaches
  5 goblins
  5 hobgoblins
  A jackal (D:3)
  5 kobolds
  3 quokkas
  7 giant newts
  A quokka skeleton (D:4)
  20 rats
111 creatures vanquished.

Notes
Turn   | Place    | Note
--------------------------------------------------------------
     0 | D:1      | Ladykiller69, the Formicid Fighter, began the quest for the Orb.
     0 | D:1      | Reached XP level 1. HP: 18/18 MP: 1/1
    56 | D:1      | Reached XP level 2. HP: 22/24 MP: 3/3
   387 | D:1      | Reached skill level 4 in Shields
   583 | D:2      | Reached XP level 3. HP: 29/29 MP: 4/4
   832 | D:2      | Reached XP level 4. HP: 34/37 MP: 5/5
  1308 | D:3      | Reached XP level 5. HP: 39/42 MP: 7/7
  1480 | D:3      | Noticed Zigurun's ghost (weakling TrHu)
  1489 | D:3      | Killed Zigurun's ghost
  1631 | D:3      | Reached skill level 5 in Shields
  1844 | D:3      | Found an opulent altar of Gozag.
  2010 | D:4      | Reached XP level 6. HP: 25/48 MP: 8/8
  2042 | D:4      | Reached skill level 6 in Shields
  2224 | D:4      | Found a sacrificial altar of Ru.
  2465 | D:4      | Noticed Blork the orc
  2545 | D:4      | Found a stormy altar of Qazlal.
  2643 | D:4      | Reached XP level 7. HP: 18/54 MP: 9/9
  3035 | D:4      | Found a bloodstained altar of Trog.
  3077 | D:4      | Noticed an ogre
  3084 | D:5      | Entered Level 5 of the Dungeon
  3119 | D:4      | Reached skill level 7 in Shields
  3820 | D:5      | Found a radiant altar of Vehumet.
  3836 | D:5      | Found a snail-covered altar of Cheibriados.
  3840 | D:5      | Became a worshipper of Cheibriados the Contemplative
  3841 | D:5      | Noticed Dowan
  3842 | D:5      | Noticed Duvessa
  3919 | D:5      | Slain by an ogre

Action                   |  1- 3 |  4- 6 |  7- 9 || total
-------------------------+-------+-------+-------++-------
Melee: War axe           |   107 |   259 |   138 ||   504
 Abil: Dig               |     2 |     4 |     2 ||     8
  Eat: Chunk             |       |     7 |     5 ||    12
